 Dungeon Sprint DCSS version 0.23-a0-290-g290e36d (webtiles) character file.

3228 emperorscorpion the Spear-Bearer (level 9, -7/88 HPs)
             Began as a Naga Skald on Oct 3, 2018.
             Was the Champion of Cheibriados.
             Mangled by an 11-headed hydra (15 damage)
             ... in the Dungeon (Sprint IX: "|||||||||||||||||||||||||||||").
             The game lasted 00:04:12 (332 turns).

emperorscorpion the Spear-Bearer (Naga Skald)        Turns: 332, Time: 00:04:13

Health: -7/88      AC:  5    Str: 29    XL:     9   Next: 98%
Magic:  16/20      EV: 16    Int: 32    God:    Cheibriados [******]
Gold:   4          SH:  0    Dex: 28    Spells: 14/23 levels left

rFire    . . .     SeeInvis +   b - +2 halberd "Duliduic" {chop, *Contam rPois MR+}
rCold    . . .     Gourm    .   (shield currently unavailable)
rNeg     . . .     Faith    .   o - +0 leather armour
rPois    +         Spirit   .   (no helmet)
rElec    .         Reflect  .   (no cloak)
rCorr    .         Harm     .   (no gloves)
MR       ++...     NoTele   +   (no barding)
Stlth    ++........             (no amulet)
HPRegen  0.24/turn              s - +2 ring of evasion
MPRegen  0.17/turn              t - +3 ring of intelligence

@: very slow
A: large, see invisible, deformed body, poison resistance, slowness 2, slow
metabolism 1, spit poison 1, AC +3
a: Spit Poison, Bend Time, Temporal Distortion, Slouch, Step From Time, Renounce
Religion


You were in the Dungeon.
You worshipped Cheibriados.
Cheibriados was exalted by your worship.
You were not hungry.

You visited 1 branch You collected 4 gold pieces.

Inventory:

Hand Weapons
 a - a +0 spear
 b - the +2 halberd "Duliduic" (weapon) {chop, *Contam rPois MR+}
   (You found it in the Dungeon)

   It inflicts extra damage upon your enemies.
   It protects you from poison.
   It affects your resistance to hostile enchantments.
   It causes magical contamination when unequipped.
 c - a +1 halberd of distortion
Armour
 o - a +0 leather armour (worn)
 p - a +0 pair of boots
 q - a +0 cloak
 r - a +0 plate armour
Magical Staves
 n - an uncursed staff of energy
Jewellery
 s - a +2 ring of evasion (left hand)
 t - a +3 ring of intelligence (right hand)
Wands
 m - a wand of acid (4)
Scrolls
 j - a scroll of blinking
 k - 7 scrolls of remove curse
 l - 2 scrolls of amnesia
 u - a scroll of fear
 v - a scroll of fog
Potions
 e - 6 potions of curing
 f - 7 potions of heal wounds
 g - 3 potions of haste
 h - 4 potions of magic
 i - a potion of invisibility
Comestibles
 d - a ration
 w - 16 chunks of flesh


   Skills:
 + Level 8.0 Fighting
 + Level 12.1 Polearms
 + Level 4.9 Armour
 + Level 5.1 Dodging
 + Level 0.9 Stealth
 + Level 7.9 Spellcasting
 + Level 1.3 Hexes
 + Level 11.6 Charms
 + Level 4.2 Necromancy
 + Level 1.1 Translocations
 + Level 3.5 Evocations


You had 14 spell levels left.
You knew the following spells:

 Your Spells              Type           Power        Failure   Level  Hunger
a - Infusion              Chrm           ####         1%          1    None
g - Shroud of Golubria    Chrm/Tloc      ######....   1%          2    None
r - Regeneration          Chrm/Necr      ######....   1%          3    None
w - Spectral Weapon       Hex/Chrm       ######..     1%          3    None

Your spell library contained the following spells:

 Spells                   Type           Power        Failure   Level  Hunger
 Song of Slaying          Chrm           ######..     1%          2    None


Dungeon Overview and Level Annotations

Branches:
Dungeon (1/1)

Altars:
Cheibriados
Dithmenos
Elyvilon
Fedhas
Gozag
Hepliaklqana
Kikubaaqudgha
Makhleb
Nemelex Xobeh
Okawaru
Qazlal
Ru
Sif Muna
Trog
Uskayaw
Vehumet
Wu Jian
Xom
Yredelemnul
Zin
The Shining One
Beogh
Jiyva
Lugonu


Innate Abilities, Weirdness & Mutations

You cannot wear boots.
Your serpentine skin is tough. (AC +3)
You have supernaturally acute eyesight. (SInv)
Armour fits poorly on your strangely shaped body.
Your system is resistant to poisons. (rPois)
You cover ground very slowly.
You have a slow metabolism.
You can spit poison.


Message History

Unknown command.
You lop one of the ten-headed hydra's heads off!
The nine-headed hydra grows two more!
You slash the 11-headed hydra!
The 11-headed hydra is heavily wounded.
Your skin stops crawling.
Your spectral weapon fades away.
A water moccasin comes into view.
Unknown command.
Unknown command.
Unknown command.
You barely miss the 11-headed hydra.
The 11-headed hydra is heavily wounded.
The 11-headed hydra misses you. The 11-headed hydra barely misses you.
The 11-headed hydra bites you!
* * * LOW HITPOINT WARNING * * *
The 11-headed hydra bites you.
* * * LOW HITPOINT WARNING * * *
The 11-headed hydra completely misses you.
The 11-headed hydra bites you!
You die...

▓▓▓▓▓▓▓▓▓▓▓▓▓▓▓▓▓▓▓▓▓▓▓▓
SFYlFlD@.....†.†÷.......
▓▓▓▓▓▓▓▓▓▓▓▓▓▓▓▓▓▓▓▓▓▓▓▓▓▓▓▓▓▓▓▓▓
.................................
▓▓▓▓▓▓▓▓▓▓▓▓▓▓▓▓▓▓▓▓▓▓▓▓▓▓▓▓▓▓▓▓▓
.)...'________________________'..
▓▓▓▓▓▓▓▓▓▓▓▓▓▓▓▓▓▓▓▓▓▓▓▓▓▓▓▓▓▓▓▓▓


You could see a 11-headed hydra, 2 komodo dragons, a yak, a spiny frog, a water
moccasin and a bullfrog.

Vanquished Creatures
  A hydra (D)
  A cyclops (D)
  A spiny frog (D)
  A gargoyle (D)
  3 komodo dragons (D)
  A yak (D)
  A porcupine (D)
  A necrophage (D)
  3 crocodiles (D)
  2 bullfrogs (D)
  An orc wizard (D)
  4 iguanas (D)
  A worker ant (D)
  An adder (D)
  A dart slug (D)
  An orc (D)
  A giant cockroach (D)
  A goblin (D)
  A jackal (D)
  A quokka (D)
  A ball python (D)
  2 frilled lizards (D)
31 creatures vanquished.

Notes
Turn   | Place    | Note
-------+----------+-------------------------------------------
     0 | D        | emperorscorpion the Naga Skald began the quest for the Orb.
     0 | D        | Reached XP level 1. HP: 19/19 MP: 3/3
    14 | D        | Reached XP level 2. HP: 23/26 MP: 5/5
    28 | D        | Reached skill level 3 in Polearms
    28 | D        | Reached skill level 1 in Armour
    28 | D        | Reached skill level 5 in Charms
    28 | D        | Reached XP level 3. HP: 33/33 MP: 7/7
    37 | D        | Reached XP level 4. HP: 38/42 MP: 8/8
    44 | D        | Learned a level 3 spell: Regeneration
    50 | D        | Found a roughly hewn altar of Beogh.
    50 | D        | Found a snail-covered altar of Cheibriados.
    50 | D        | Found a shadowy altar of Dithmenos.
    50 | D        | Found a white marble altar of Elyvilon.
    50 | D        | Found a blossoming altar of Fedhas.
    50 | D        | Found an opulent altar of Gozag.
    51 | D        | Found a hazy altar of Hepliaklqana.
    52 | D        | Found a viscous altar of Jiyva.
    53 | D        | Found an ancient bone altar of Kikubaaqudgha.
    54 | D        | Became a worshipper of Cheibriados the Contemplative
    55 | D        | Found a corrupted altar of Lugonu.
    56 | D        | Found a burning altar of Makhleb.
    57 | D        | Found a sparkling altar of Nemelex Xobeh.
    58 | D        | Found an iron altar of Okawaru.
    59 | D        | Found a stormy altar of Qazlal.
    60 | D        | Found a sacrificial altar of Ru.
    61 | D        | Found a deep blue altar of Sif Muna.
    62 | D        | Found a bloodstained altar of Trog.
    67 | D        | Learned a level 3 spell: Spectral Weapon
    70 | D        | Learned a level 2 spell: Shroud of Golubria
    70 | D        | Found a hide-covered altar of Uskayaw.
    71 | D        | Found a radiant altar of Vehumet.
    72 | D        | Found an ornate altar of the Wu Jian Council.
    73 | D        | Found a shimmering altar of Xom.
    74 | D        | Found a basalt altar of Yredelemnul.
    75 | D        | Found a glowing silver altar of Zin.
    76 | D        | Found a glowing golden altar of the Shining One.
    94 | D        | Got the +2 halberd "Duliduic" {chop, *Contam rPois MR+}
   110 | D        | Noticed a bullfrog
   110 | D        | Noticed a gargoyle
   110 | D        | Noticed a yak
   111 | D        | Reached skill level 4 in Polearms
   115 | D        | Killed a yak
   115 | D        | Reached skill level 6 in Polearms
   115 | D        | Reached skill level 1 in Necromancy
   115 | D        | Reached XP level 5. HP: 35/51 MP: 1/11
   115 | D        | Reached XP level 6. HP: 40/58 MP: 1/12
   117 | D        | Killed a gargoyle
   117 | D        | Reached * piety under Cheibriados
   117 | D        | Reached skill level 5 in Fighting
   117 | D        | Reached skill level 8 in Polearms
   117 | D        | Reached skill level 5 in Spellcasting
   117 | D        | Reached XP level 7. HP: 49/67 MP: 1/14
   121 | D        | Reached ** piety under Cheibriados
   135 | D        | Noticed a cyclops
   135 | D        | Noticed an eight-headed hydra
   143 | D        | Killed an eight-headed hydra
   143 | D        | Reached skill level 9 in Polearms
   143 | D        | Reached skill level 10 in Charms
   143 | D        | Reached skill level 1 in Evocations
   143 | D        | Reached XP level 8. HP: 68/78 MP: 3/17
   143 | D        | Reached *** piety under Cheibriados
   152 | D        | Killed a cyclops
   152 | D        | Reached skill level 10 in Polearms
   152 | D        | Reached XP level 9. HP: 52/86 MP: 1/19
   156 | D        | Reached **** piety under Cheibriados
   283 | D        | Noticed a komodo dragon
   283 | D        | Noticed a komodo dragon
   283 | D        | Noticed a spiny frog
   286 | D        | Killed a spiny frog
   286 | D        | Reached skill level 11 in Polearms
   291 | D        | Killed a komodo dragon
   291 | D        | Reached ***** piety under Cheibriados
   291 | D        | Reached skill level 5 in Dodging
   297 | D        | Killed a komodo dragon
   297 | D        | Reached skill level 1 in Hexes
   297 | D        | Reached skill level 1 in Translocations
   312 | D        | Noticed a komodo dragon
   318 | D        | Killed a komodo dragon
   318 | D        | Reached skill level 12 in Polearms
   319 | D        | Reached ****** piety under Cheibriados
   327 | D        | Noticed a spiny frog
   327 | D        | Noticed a komodo dragon
   327 | D        | Noticed a komodo dragon
   327 | D        | Noticed a four-headed hydra
   332 | D        | Mangled by an 11-headed hydra

Vault maps used:
D:        linesprint

Skill      XL: |  1  2  3  4  5  6  7  8  9 |
---------------+----------------------------+-----
Charms         | 5 7 9 10 11 | 11.6
Polearms       | 3 6 8 9 10 12 | 12.1
Armour         | 1 2 3 4 |  4.9
Dodging        | 2 3 4 5 |  5.1
Spellcasting   | 3 4 5 6 7 |  7.9
Fighting       | 3 4 5 6 7 8 |  8.0
Necromancy     | 1 2 3 4 |  4.2
Evocations     | 1 2 3 |  3.5
Hexes          | 1 |  1.3
Translocations | 1 |  1.1
Stealth        | |  0.9

Action                   |  1- 3 |  4- 6 |  7- 9 || total
-------------------------+-------+-------+-------++-------
Melee: Spear             |    22 |     1 |       ||    23
       Halberd           |       |     6 |    45 ||    51
 Cast: Regeneration      |       |     2 |     4 ||     6
       Spectral Weapon   |       |     1 |     3 ||     4
       Shroud of Golubri |       |     1 |     1 ||     2
 Abil: Spit Poison       |     2 |       |       ||     2
Evoke: Wand              |       |       |     6 ||     6
  Use: Potion            |     1 |       |       ||     1
       Scroll            |       |       |     1 ||     1
Armor: Leather armour    |     1 |       |    10 ||    11
Dodge: Dodged            |     8 |     4 |    27 ||    39

Table legend:
 A = Non-vault XP
 B = Vault XP
 C = Vault XP percentage of total XP
 D = Non-vault monster count
 E = Vault monster count
 F = Vault count percentage of total count
                 A         B        C        D         E       F
            +---------+---------+-------+---------+---------+-------
      Total |       0 |    4612 | 100.0 |       0 |      31 | 100.0
            +---------+---------+-------+---------+---------+-------
          D |       0 |    4612 | 100.0 |       0 |      31 | 100.0
            +---------+---------+-------+---------+---------+-------
